 Dungeon Crawl Stone Soup version 0.29-a0-231-g945431f764 (webtiles) character file.

Game seed: 15342969243891534070

259 Aksej the Cudgeller (level 5, -3/43 HPs)
             Began as a Demonspawn Monk on Mar 1, 2022.
             Killed by nerve-wracking pain
             ... invoked by an orc priest
              (7 damage)
             ... on level 3 of the Dungeon.
             The game lasted 00:11:26 (2966 turns).

Aksej the Cudgeller (Demonspawn Monk)               Turns: 2966, Time: 00:11:27

Health: -3/43      AC:  3    Str: 11    XL:     5   Next: 95%
Magic:  5/5        EV: 13    Int: 12    God:
Gold:   73         SH:  0    Dex: 17    Spells: 4/4 levels left

rFire   . . .      SeeInvis .   a - +0 mace
rCold   . . .      Faith    .   (no shield)
rNeg    . . .      Spirit   .   b - +0 robe
rPois   .          Reflect  .   (no helmet)
rElec   .          Harm     .   (no cloak)
rCorr   .          Rampage  .   (no gloves)
Will    .....                   g - +0 pair of boots
Stlth   ++........              (no amulet)
HPRegen 0.14/turn               (no ring)
MPRegen 0.18/turn               (no ring)

@: no status effects
A: hooves 1, foul stench 1, magic regeneration, weakness stinger 1
a: no special abilities


You were on level 3 of the Dungeon.
You visited 1 branch of the dungeon, and saw 3 of its levels.

You collected 73 gold pieces.

Inventory:

Hand Weapons
 a - a +0 mace (weapon)
Armour
 b - a +0 robe (worn)
 g - a +0 pair of boots (worn)
 j - a +0 pair of gloves
Jewellery
 d - a ring of ice
Scrolls
 c - a scroll of immolation {unknown}
 e - 2 scrolls of silence
 i - a scroll of identify {unknown}
Potions
 f - a potion of curing
 h - a potion of flight


   Skills:
 * Level 4.3 Fighting
 + Level 4.3 Maces & Flails
 + Level 0.4 Throwing
 + Level 3.3 Dodging
 + Level 2.9 Stealth


You had 4 spell levels left.
You didn't know any spells.
Your spell library contained the following spells:

 Spells                   Type           Power      Damage    Failure   Level
 Apportation              Tloc           0%         N/A       32%         1
 Ozocubu's Armour         Ice            0%         N/A       69%         3
 Summon Ice Beast         Ice/Summ       0%         N/A       97%         4
 Summon Lightning Spire   Summ/Air       0%         N/A       97%         4
 Alistair's Intoxication  Tmut/Pois      0%         N/A       100%        5
 Summon Mana Viper        Hex/Summ       0%         N/A       100%        5
 Monstrous Menagerie      Summ           0%         N/A       100%        7
 Ozocubu's Refrigeration  Ice            0%         4d5       100%        7
 Storm Form               Tmut/Air       0%         N/A       100%        7
 Maxwell's Capacitive Co  Air            0%         ∞         100%        8


Dungeon Overview and Level Annotations

Branches:
Dungeon (3/15)

Altars:
Gozag


Innate Abilities, Weirdness & Mutations

You have large cloven feet.
You may rarely emit foul miasma when damaged in melee.
You regenerate magic rapidly.
You have a small tail.


Message History

The frilled lizard bites you.
You hit the frilled lizard.
The frilled lizard is heavily wounded.
The frilled lizard bites you.
You hit the frilled lizard.
You kill the frilled lizard!
You see here a frilled lizard corpse.
Throw: javelin
Press: ? - help, Q - select action Shift-Dir - straight line, f/p - orc priest
Aim: an orc priest, wielding a +0 flail and wearing a +0 ring mail (moderately wounded, 65% to hit)
You throw a javelin.
The javelin pierces through the orc priest.
The orc priest is severely wounded.
The orc priest calls down the wrath of Beogh upon you.
Pain shoots through your body!
You hit the orc priest.
The orc priest is severely wounded.
The orc priest barely misses you.
You hit the orc priest but do no damage.
The orc priest is severely wounded.
The orc priest hits you with a +0 flail!
You hit the orc priest but do no damage.
The orc priest is severely wounded.
The orc priest barely misses you.
You hit the orc priest but do no damage.
The orc priest is severely wounded.
The orc priest invokes the aid of Beogh against you.
You barely resist.
The orc priest hits you with a +0 flail!
You hit the orc priest but do no damage.
The orc priest is severely wounded.
A rat comes into view.
The orc priest invokes the aid of Beogh against you.
Pain shoots through your body!
* * * LOW HITPOINT WARNING * * *
You hit the orc priest but do no damage.
The orc priest is severely wounded.
The orc priest calls down the wrath of Beogh upon you.
Pain shoots through your body!
You die...

.#. #.# #.. #.#
#.# # #.# #
...r####.####...#
#......@o...(.#
######†####...#
#.### #... #.#..
... #######.#.#
#.# ........#.#
#.#
#######.#.###.# #
#.#.....# .#
#.#..##.##..#


You could see an orc priest and a rat.

Vanquished Creatures
  A necrophage (D:2)
  2 orc priests (D:3)
  4 gnolls (D:3)
  4 adders
  2 dart slugs (D:1)
  A worm (D:2)
  3 orcs (D:3)
  2 bats
  3 endoplasms
  2 giant cockroaches
  5 goblins
  7 hobgoblins
  A jackal (D:2)
  8 kobolds
  3 quokkas
  4 ball pythons
  3 frilled lizards
  5 rats
60 creatures vanquished.

Notes
Turn   | Place    | Note
-------+----------+-------------------------------------------
     0 | D:1      | Aksej the Demonspawn Monk began the quest for the Orb.
     0 | D:1      | Reached XP level 1. HP: 18/18 MP: 1/1
   195 | D:1      | Gained mutation: You regenerate magic rapidly. [demonic
                  | ancestry]
   195 | D:1      | Reached XP level 2. HP: 4/24 MP: 2/2
  1166 | D:1      | Gained mutation: You may rarely emit foul miasma when
                  | damaged in melee. [demonic ancestry]
  1166 | D:1      | Reached XP level 3. HP: 25/29 MP: 3/3
  1648 | D:2      | Noticed a necrophage
  1668 | D:2      | Killed a necrophage
  1669 | D:2      | Discovered your monstrous ancestry.
  1669 | D:2      | Gained mutation: You have a small tail. [demonic ancestry]
  1669 | D:2      | Reached XP level 4. HP: 32/37 MP: 4/4
  1918 | D:2      | Found a faded altar of an unknown god.
  2152 | D:3      | Found an opulent altar of Gozag.
  2168 | D:3      | Gained mutation: You have large cloven feet. [demonic
                  | ancestry]
  2168 | D:3      | Reached XP level 5. HP: 27/42 MP: 5/5
  2966 | D:3      | Killed from afar by an orc priest

Illustrated notes

Levels and vault maps discovered:
D:1:      dpeg_arrival_erosion, layout_basic
D:2:      layout_rooms, shapermc_ecumenical_altar_acropolis, minmay_between
D:3:      layout_loops_ring, grunt_temple_overflow_order_and_chaos_2,
          slow_altar_1, overflow_temple_1_default, uniq_sigmund

Skill      XL: |  1  2  3  4  5 |
---------------+----------------+-----
Stealth        | 2 |  2.9
Maces & Flails | 3 4 |  4.3
Dodging        | 3 |  3.3
Fighting       | 4 |  4.3
Throwing       | |  0.4

Action                   |  1- 3 |  4- 6 || total
-------------------------+-------+-------++-------
Melee: Mace              |   111 |    78 ||   189
       Punch             |     4 |       ||     4
       Tailslap          |       |     7 ||     7
Throw: Javelin           |     1 |    13 ||    14
  Use: Potion            |     3 |     2 ||     5
       Scroll            |     2 |     1 ||     3
 Stab: Sleeping          |     4 |     1 ||     5
Armor: Robe              |    15 |    14 ||    29
Dodge: Dodged            |    72 |    52 ||   124

Table legend: (Time is in decaauts)
 A = Elapsed time spent in this place.
 B = Non-inter-level travel time spent in this place.
 C = Inter-level travel time spent in this place.
 D = Time resting spent in this place.
 E = Time spent auto-exploring this place.
 F = Levels seen in this place.
 G = Mean time per level.
                   A        B        C        D        E       F      G
               +--------+--------+--------+--------+--------+-----+--------+
         Total |   3024 |   2990 |     34 |      0 |   2445 |   3 | 1008.0 |
       Dungeon |   3024 |   2990 |     34 |      0 |   2445 |   3 | 1008.0 |
               +--------+--------+--------+--------+--------+-----+--------+

Top non-repeatable levels by time:
     D:1: 1272 daAuts
     D:2: 921 daAuts
     D:3: 829 daAuts
